 Dungeon Sprint DCSS version 0.28-a0-793-g31680bbd8b (webtiles) character file.

Game seed: 17011746569576772394

49 rocky1 the Arsonist (level 3, 0/19 HPs)
             Began as a Deep Elf Fire Elementalist on Nov 5, 2021.
             Was a Believer of Sif Muna.
             Slain by an orc (6 damage)
             ... in the Dungeon (Sprint VII: "The Pits").
             The game lasted 00:03:39 (823 turns).

rocky1 the Arsonist (Deep Elf Fire Elementalist)     Turns: 823, Time: 00:03:40

Health: 0/19       AC:  2    Str:  5    XL:     3   Next: 53%
Magic:  6/9        EV: 12    Int: 20    God:    Sif Muna [**....]
Gold:   0          SH:  0    Dex: 15    Spells: 2/8 levels left

rFire   . . .      SeeInvis .   g - +0 quarterstaff (protect)
rCold   . . .      Faith    .   (shield currently unavailable)
rNeg    . . .      Spirit   .   a - +0 robe
rPois   .          Reflect  .   (no helmet)
rElec   .          Harm     .   (no cloak)
rCorr   .          Rampage  .   (no gloves)
Will    .....      NoTele   +   (no boots)
Stlth   ++........              (no amulet)
HPRegen 0.06/turn               (no ring)
MPRegen 0.11/turn               (no ring)

@: no status effects
A: no striking features
a: Renounce Religion, Channel Magic


You were in the Dungeon.
You worshipped Sif Muna.
Sif Muna was pleased with you.
You visited 1 branch

Inventory:

Hand Weapons
 g - a +0 quarterstaff of protection (weapon)
Armour
 a - a +0 robe (worn)
Scrolls
 j - 5 scrolls of amnesia
Potions
 b - 6 potions of curing
 c - 6 potions of heal wounds
 d - a potion of haste
 e - 4 potions of magic
 f - 3 potions of berserk rage
 i - 2 potions of invisibility


   Skills:
 - Level 2.4 Dodging
 - Level 2.4 Stealth
 + Level 3.0 Spellcasting
 + Level 1.1 Conjurations
 + Level 8.4 Fire Magic
 + Level 0.0 Invocations


You had 2 spell levels left.
You knew the following spells:

 Your Spells              Type           Power      Damage    Failure   Level
a - Foxfire               Conj/Fire      88%        2x1d8     1%          1
b - Scorch                Fire           72%        2d9       1%          2
c - Conjure Flame         Conj/Fire      22%        6-21      6%          3

Your spell library contained the following spells:

 Spells                   Type           Power      Damage    Failure   Level
 Inner Flame              Hex/Fire       19%        N/A       8%          3
 Flame Wave               Conj/Fire      22%        3d6       21%         4


Dungeon Overview and Level Annotations

Branches:
Dungeon (1/1)

Altars:
Ashenzari
Cheibriados
Dithmenos
Elyvilon
Fedhas
Gozag
Hepliaklqana
Kikubaaqudgha
Makhleb
Nemelex Xobeh
Okawaru
Qazlal
Ru
Sif Muna
Trog
Uskayaw
Vehumet
Wu Jian
Xom
Yredelemnul
Zin
The Shining One
Beogh
Jiyva
Lugonu

Annotations:
D Grinder


Message History

The fire begins to smoulder!
The fire ignites!
There is an open door, spattered with blood here.
Things that are here:
a quokka skeleton; a rat skeleton
There is an open door, spattered with blood here.
You start resting.
Magic restored.
You open the door.
There is an open door here.
You open the door.
An orc and Grinder come into view.
Grinder shouts!
The orc shouts!
You hear a shout! x2
A goblin comes into view. It is wielding a +0 club.
An orc comes into view.
It is wielding a +1 short sword of electrocution.
An orc comes into view. It is wielding a +0 dagger.
You hear a shout!
The goblin shouts!
You hear a shout!
You hear a chilling moan.
You hear a shout! x2
Casting: Conjure Flame (quite dangerous; 6% risk of failure)
Confirm with . or Enter, or press ? or * to list all spells.
The spell is quite dangerous to cast (6% risk of failure)!
Continue anyway?
The fire begins to smoulder!
Grinder blinks!
You closely miss Grinder. Grinder closely misses you.
An orc comes into view. It is wielding a +0 short sword.
The orc completely misses you. Grinder hits you!
You writhe in agony.
You smother the flame.
Unknown command.
Okay, then.
Casting: Conjure Flame (quite dangerous; 6% risk of failure)
Confirm with . or Enter, or press ? or * to list all spells.
There is not enough space to conjure foxfire!
Unknown command.
You closely miss the orc. The orc barely misses you.
An orc wizard comes into view. It is wielding a +0 dagger.
Grinder hits you but does no damage.
A quasit comes into view.
Unknown command.
You barely miss the orc. The orc hits you with a +0 hand axe.
You die...

##########.##.....
#...........'.....
#'#####'#####.....
#.#...#.#..##.....
#.#...#.#))#####'#
#.#...รท.#))##.....
#.##'####))##.....
#5#.....#[[##.....
#@#.....#'###...<.
#o#........##.....
#.#........##.....
#g###########.....
#.o ###### #o..
##5#. o..o .# #.


You could see Grinder, an orc wizard (wandering), a quasit, 3 orcs and a goblin.

Vanquished Creatures
  A river rat (D)
  An endoplasm (D)
  3 quokkas (D)
  A frilled lizard (D)
  A rat (D)
7 creatures vanquished.

Vanquished Creatures (collateral kills)
  A jelly (D)
  A quokka (D)
2 creatures vanquished.

Vanquished Creatures (others)
  18 foxfires (D)
18 creatures vanquished.

Grand Total: 27 creatures vanquished

Notes
Turn   | Place    | Note
-------+----------+-------------------------------------------
     0 | D        | rocky1 the Deep Elf Fire Elementalist began the quest for
                  | the Orb.
     0 | D        | Reached XP level 1. HP: 10/10 MP: 6/6
    27 | D        | Reached skill level 4 in Fire Magic
    56 | D        | Found a bloodstained altar of Trog.
    56 | D        | Found a shimmering blue altar of Sif Muna.
    56 | D        | Found a viscous altar of Jiyva.
    56 | D        | Found a hazy altar of Hepliaklqana.
    56 | D        | Found an opulent altar of Gozag.
    57 | D        | Found a glowing golden altar of the Shining One.
    57 | D        | Found a glowing silver altar of Zin.
    57 | D        | Found a basalt altar of Yredelemnul.
    57 | D        | Found a shimmering altar of Xom.
    57 | D        | Found an ornate altar of the Wu Jian Council.
    57 | D        | Found a sacrificial altar of Ru.
    57 | D        | Found a stormy altar of Qazlal.
    57 | D        | Found an iron altar of Okawaru.
    57 | D        | Found a sparkling altar of Nemelex Xobeh.
    57 | D        | Found a burning altar of Makhleb.
    57 | D        | Found a blossoming altar of Fedhas.
    57 | D        | Found a white marble altar of Elyvilon.
    57 | D        | Found a shadowy altar of Dithmenos.
    57 | D        | Found a snail-covered altar of Cheibriados.
    60 | D        | Found a corrupted altar of Lugonu.
    60 | D        | Found a radiant altar of Vehumet.
    61 | D        | Found an ancient bone altar of Kikubaaqudgha.
    61 | D        | Found a hide-covered altar of Uskayaw.
    61 | D        | Found a broken altar of Ashenzari.
    62 | D        | Became a worshipper of Sif Muna the Loreminder
   116 | D        | Reached skill level 5 in Fire Magic
   116 | D        | Reached XP level 2. HP: 6/15 MP: 2/8
   284 | D        | Learned a level 2 spell: Scorch
   430 | D        | Reached * piety under Sif Muna
   431 | D        | Reached skill level 6 in Fire Magic
   474 | D        | Reached ** piety under Sif Muna
   475 | D        | Reached skill level 8 in Fire Magic
   475 | D        | Reached XP level 3. HP: 3/19 MP: 6/9
   765 | D        | Learned a level 3 spell: Conjure Flame
   809 | D        | Noticed Grinder
   823 | D        | Slain by an orc

Illustrated notes

Levels and vault maps discovered:
D:        pitsprint [storerooms_1, entrance_room_1, metal_vault_4, armoury_2,
          mini_pit_1, grid_room_1, main_hall_1, silver_pit, the_coven_3,
          the_vestibule_1, steel_vault_2, golden_pit, hallway_of_sentries,
          crystal_vault_1, iron_vault_1, final_vault]

Skill      XL: |  1  2 |
---------------+-------+-----
Fire Magic     | 5 8 |  8.4
Dodging        | |  2.4
Stealth        | |  2.4
Spellcasting   | |  3.0
Conjurations   | |  1.1

Action                   || total
-------------------------++-------
Melee: Quarterstaff      ||     9
       Unarmed           ||     1
 Cast: Foxfire           ||    11
       Scorch            ||     3
       Conjure Flame     ||     2
  Use: Scroll            ||     2
Armor: Robe              ||     2
Dodge: Dodged            ||    15

Table legend: (Time is in decaauts)
 A = Elapsed time spent in this place.
 B = Non-inter-level travel time spent in this place.
 C = Inter-level travel time spent in this place.
 D = Time resting spent in this place.
 E = Time spent auto-exploring this place.
 F = Levels seen in this place.
 G = Mean time per level.
                   A        B        C        D        E       F      G
               +--------+--------+--------+--------+--------+-----+--------+
         Total |    824 |    824 |      0 |    611 |      0 |   1 |  824.0 |
       Dungeon |    824 |    824 |      0 |    611 |      0 |   1 |  824.0 |
               +--------+--------+--------+--------+--------+-----+--------+

Top non-repeatable levels by time:
       D: 824 daAuts
